 Dungeon Crawl Stone Soup version 0.25.0-9-g26727b657a (webtiles) character file.

Game seed: 10993345147157290787

53 funkygono the Shield-Bearer (level 4, -3/37 HPs)
             Began as a Formicid Fighter on June 18, 2020.
             Slain by a worm (8 damage)
             ... on level 2 of the Dungeon.
             The game lasted 00:02:26 (1062 turns).

funkygono the Shield-Bearer (Formicid Fighter)      Turns: 1062, Time: 00:02:26

Health: -3/37      AC:  7    Str: 21    XL:     4   Next: 11%
Magic:  4/4        EV:  8    Int:  8    God:
Gold:   17         SH:  9    Dex: 10    Spells: 3/3 levels left

rFire    . . .     SeeInvis +   a - +0 flail
rCold    . . .     Gourm    .   c - +0 kite shield
rNeg     . . .     Faith    .   b - +0 scale mail
rPois    .         Spirit   .   (helmet unavailable)
rElec    .         Reflect  .   (no cloak)
rCorr    .         Harm     .   (no gloves)
MR       .....                  (no boots)
Stlth    ..........             (no amulet)
HPRegen  0.12/turn              (no ring)
MPRegen  0.09/turn              (no ring)

@: no status effects
A: permanent stasis, dig shafts and tunnels, four strong arms, antennae 3
a: Dig, Shaft Self


You were on level 2 of the Dungeon.
You were hungry.

You visited 1 branch of the dungeon, and saw 2 of its levels.

You collected 17 gold pieces.

Inventory:

Hand Weapons
 a - a +0 flail (weapon)
Missiles
 e - 27 stones (quivered)
Armour
 b - a +0 scale mail (worn)
 c - a +0 kite shield (worn)
Scrolls
 h - a scroll of magic mapping
Potions
 d - a potion of might
 i - a potion of haste {unknown}
 k - 3 potions of mutation
Comestibles
 f - 2 rations
 g - 2 chunks of flesh


   Skills:
 + Level 3.7 Fighting
 + Level 2.7 Maces & Flails
 + Level 3.7 Armour
 + Level 4.2 Shields


You had 3 spell levels left.
You didn't know any spells.
Your spell library was empty.

Dungeon Overview and Level Annotations

Branches:
Dungeon (2/15)

Altars:


Innate Abilities, Weirdness & Mutations

You cannot be hasted, slowed, berserked, paralysed or teleported.
You can dig through walls and to a lower floor.
Your four strong arms can wield two-handed weapons with a shield.
You have a pair of large antennae on your head. (SInv)


Message History

You barely miss the worm. You barely miss the worm. The worm bites you.
* * * LOW HITPOINT WARNING * * *
You barely miss the worm. The worm bites you.
* * * LOW HITPOINT WARNING * * *
Your scale mail prevents you from hitting the worm.
You block the worm's attack.
You hit the worm.
The worm is moderately wounded.
The worm closely misses you.
You hit the worm but do no damage.
The worm is lightly wounded.
Your shield and scale mail prevent you from hitting the worm.
The worm is lightly wounded.
The worm bites you.
* * * LOW HITPOINT WARNING * * *
You sock the worm!
The worm is severely wounded.
The worm bites you!
You die...

..........##....... ....
#........##.......
......
#........##$......
......
..................
...... #........#†.....
...$. #........#......
#..### #........#.#####
#.>..###<.......#.#
#...w@...........#
##.###..........##
#.##.##....$.....##
#.............$..# {
###.....####<.#.##
.....#....# #.....#
..............#.#...#
.####...................
#.........##.....##.


You could see a worm.

Vanquished Creatures
  2 adders (D:2)
  2 dart slugs (D:1)
  A leopard gecko (D:2)
  3 hobgoblins
  6 jackals (D:1)
  5 kobolds (D:1)
  6 bats
  A frilled lizard (D:1)
  A goblin (D:1)
  2 rats
29 creatures vanquished.

Notes
Turn   | Place    | Note
-------+----------+-------------------------------------------
     0 | D:1      | funkygono the Formicid Fighter began the quest for the Orb.
     0 | D:1      | Reached XP level 1. HP: 18/18 MP: 1/1
    55 | D:1      | Reached XP level 2. HP: 20/24 MP: 2/2
   239 | D:1      | Reached skill level 4 in Shields
   473 | D:1      | Reached XP level 3. HP: 30/30 MP: 3/3
  1026 | D:2      | Reached XP level 4. HP: 11/37 MP: 4/4
  1062 | D:2      | Slain by a worm

Illustrated notes

Levels and vault maps discovered:
D:1:      psy_arrival_conway, layout_loops_ring, st_stairs_4,
          minmay_misc_feat_ornament
D:2:      layout_rooms, first_ration, uniq_terence

Skill      XL: |  1  2 |
---------------+-------+-----
Shields        | 4 |  4.2
Fighting       | |  3.7
Maces & Flails | |  2.7
Armour         | |  3.7

Action                   |  1- 3 |  4- 6 || total
-------------------------+-------+-------++-------
Melee: Flail             |   119 |    13 ||   132
  Use: Scroll            |     2 |       ||     2
Armor: Scale mail        |    72 |     8 ||    80
Dodge: Dodged            |    53 |     3 ||    56
Block: Kite shield       |    92 |    11 ||   103
